[Event "37th Zalakaros Festival 2018"]
[Site "Zalakaros"]
[Date "2018.05.25"]
[Round "1"]
[White "Molnar Gabor, Roland"]
[Black "Csonka, Attila Istvan"]
[Result "0-1"]
[ECO "A46"]
[WhiteElo "2021"]
[BlackElo "2372"]
[Annotator "RC"]
[PlyCount "104"]
[EventDate "2018.??.??"]
[EventType "swiss"]
[EventCountry "HUN"]
[SourceTitle "playchess.com"]
[Source "ChessBase"]
[SourceQuality "1"]
[TimeControl "40/5400+30:1800+30"]

1. d4 Nf6 2. Nf3 e6 3. Bf4 b6 4. e3 Bb7 5. Bd3 Be7 6. h3 O-O 7. Nbd2 d5 8. Ne5 Nbd7 9. Qf3 Nxe5 10. Bxe5 c5 11. c3 Qc8 12. h4 Qc6 13. Qg3 Rad8 14. Qg5 cxd4 15. exd4 h6 16. Qg3 Bd6 17. Nf3 Qc7 18. O-O Bxe5 19. Nxe5 Ne4 20. Qh3 Rd6 21. Rad1 b5 22. f3 Nf6 23. g4 Nd7 24. Nxd7 Qxd7 25. g5 h5 26. g6 Qe7 27. gxf7+ Rxf7 28. f4 Rf6 29. Rd2 b4 30. cxb4 Rb6 31. a3 Ba6 32. Rg2 Bxd3 33. Qxd3 Rc6 34. Rg5 Qf7 35. Qd2 Rc8 36. Kg2 Rf5 37. Rf2 Rf8 38. Kg3 Qc7 39. Qc3 Qd7 40. Qe3 Qd6 41. Qc1 Rxg5+ 42. hxg5 Rf5 43. Kf3 Rf8 44. Re2 Qd7 45. Rg2 e5 46. dxe5 d4 47. Qc4+ Kh8 48. b5 Qh3+ 49. Rg3 Qh1+ 50. Rg2 h4 51. Qc5 Qh3+ 52. Kf2 Qe3+ 0-1

[Event "37th Zalakaros Festival 2018"]
[Site "Zalakaros"]
[Date "2018.05.27"]
[Round "3"]
[White "Fancsy, Imre"]
[Black "Ongut, Tamas Gunes"]
[Result "1-0"]
[ECO "E68"]
[WhiteElo "2388"]
[BlackElo "2130"]
[Annotator "NA"]
[PlyCount "51"]
[EventDate "2018.??.??"]
[EventType "swiss"]
[EventCountry "HUN"]
[SourceTitle "playchess.com"]
[Source "ChessBase"]
[SourceQuality "1"]
[TimeControl "40/5400+30:1800+30"]

1. Nf3 g6 2. c4 Bg7 3. Nc3 d6 4. d4 Nf6 5. g3 O-O 6. Bg2 Nbd7 7. O-O e5 8. e4 exd4 9. Nxd4 Re8 10. h3 a6 11. Be3 Rb8 12. b3 Ne5 13. Rc1 c5 14. Nde2 b5 15. f4 Ned7 16. Qxd6 b4 17. e5 bxc3 18. Qd3 Nh5 19. g4 Nxf4 20. Bxf4 Bxe5 21. Bd5 Bxf4 22. Rxf4 Ne5 23. Qg3 Be6 24. Nxc3 Qa5 25. Rcf1 Rbd8 26. g5 1-0

[Event "37th Zalakaros Festival 2018"]
[Site "Zalakaros"]
[Date "2018.05.27"]
[Round "3"]
[White "Szeberenyi, Adam"]
[Black "Gaal, Zsoka"]
[Result "1-0"]
[ECO "E61"]
[WhiteElo "2372"]
[BlackElo "2095"]
[Annotator "NA"]
[PlyCount "77"]
[EventDate "2018.??.??"]
[EventType "swiss"]
[EventCountry "HUN"]
[SourceTitle "playchess.com"]
[Source "ChessBase"]
[SourceQuality "1"]
[TimeControl "40/5400+30:1800+30"]

1. d4 Nf6 2. c4 g6 3. Nc3 Bg7 4. Nf3 d6 5. Bg5 O-O 6. e3 c5 7. Qd2 Bf5 8. Rd1 cxd4 9. Nxd4 Bd7 10. Be2 Nc6 11. O-O Rc8 12. b3 Re8 13. Bh4 Nxd4 14. exd4 a6 15. Rfe1 Be6 16. Bf3 Qc7 17. Rc1 Qb8 18. Bg3 Qa7 19. Bf4 Bg4 20. Bxg4 Nxg4 21. h3 Nf6 22. Bg5 e6 23. Rcd1 Qb8 24. Qf4 Nd7 25. Ne4 e5 26. dxe5 Bxe5 27. Qd2 f5 28. Nc3 Nc5 29. Nd5 Ne4 30. Rxe4 fxe4 31. Ne7+ Kh8 32. Qd5 h6 33. Qf7 Rxe7 34. Bxe7 Rg8 35. Bf6+ Bxf6 36. Qxf6+ Kh7 37. Rxd6 Rg7 38. Rd8 Qc7 39. Qf8 1-0

[Event "37th Zalakaros Festival 2018"]
[Site "Zalakaros"]
[Date "2018.05.27"]
[Round "3"]
[White "Srinath, Rao S V"]
[Black "Szalanczy, Emil"]
[Result "1-0"]
[ECO "B22"]
[WhiteElo "2363"]
[BlackElo "2233"]
[Annotator "NA"]
[PlyCount "95"]
[EventDate "2018.??.??"]
[EventType "swiss"]
[EventCountry "HUN"]
[SourceTitle "playchess.com"]
[Source "ChessBase"]
[SourceQuality "1"]
[TimeControl "40/5400+30:1800+30"]

1. e4 c5 2. c3 d6 3. d4 Nf6 4. Bd3 g6 5. dxc5 dxc5 6. e5 c4 7. Qa4+ Nc6 8. Bxc4 Nd7 9. e6 fxe6 10. Qc2 Nb6 11. Be2 e5 12. Nf3 Bf5 13. Qb3 Qd5 14. Be3 Qxb3 15. axb3 Nd5 16. Bb5 Bg7 17. Nbd2 Nxe3 18. fxe3 O-O 19. Nc4 Be4 20. Ncd2 Bf5 21. Bxc6 bxc6 22. Ra5 e4 23. Nd4 Bh6 24. Nc4 Rf6 25. Rf1 Raf8 26. Rxa7 e5 27. Nxf5 gxf5 28. Re7 f4 29. Nxe5 Rd6 30. Ng4 Bg5 31. Rxe4 Rfd8 32. exf4 Bh4+ 33. g3 h5 34. Ne3 Bf6 35. Rf2 Rd3 36. Re2 Kf7 37. Kf2 h4 38. Ng4 hxg3+ 39. hxg3 Rh8 40. Re6 Bd8 41. Rxc6 Rd1 42. Rh6 Rxh6 43. Nxh6+ Kg6 44. Re6+ Kh5 45. Nf7 Bc7 46. Kf3 Rf1+ 47. Ke4 Bxf4 48. gxf4 1-0

[Event "37th Zalakaros Festival 2018"]
[Site "Zalakaros"]
[Date "2018.05.27"]
[Round "3"]
[White "Krykun, Yuriy"]
[Black "Dmitrovic, Zoran"]
[Result "1-0"]
[ECO "A05"]
[WhiteElo "2338"]
[BlackElo "2069"]
[Annotator "NA"]
[PlyCount "99"]
[EventDate "2018.??.??"]
[EventType "swiss"]
[EventCountry "HUN"]
[SourceTitle "playchess.com"]
[Source "ChessBase"]
[SourceQuality "1"]
[TimeControl "40/5400+30:1800+30"]

1. Nf3 Nf6 2. g3 g6 3. Bg2 Bg7 4. O-O O-O 5. d4 d6 6. b3 Nbd7 7. Bb2 e5 8. dxe5 Ng4 9. c4 dxe5 10. h3 Nh6 11. Nc3 Re8 12. e4 c6 13. Qd2 f6 14. Rad1 Nf7 15. h4 Nf8 16. Qc2 Qe7 17. Ne2 Bg4 18. Nh2 Bd7 19. Qc1 Bh6 20. Qc3 g5 21. hxg5 Nxg5 22. Bc1 Qg7 23. Qc2 Nh3+ 24. Kh1 Bxc1 25. Qxc1 Rad8 26. Qe3 b6 27. c5 b5 28. Rd6 Ng5 29. Rfd1 Nf7 30. R6d2 Bc8 31. Nf3 Ng6 32. Kg1 Qf8 33. b4 Qe7 34. Nc1 Be6 35. Nb3 Bxb3 36. Qxb3 Kg7 37. a4 a6 38. Bh3 Rxd2 39. Rxd2 Rd8 40. Rxd8 Nxd8 41. Bc8 a5 42. bxa5 Qxc5 43. Qd1 Qe7 44. a6 Nf8 45. Nh4 Qc7 46. Nf5+ Kh8 47. Qd6 Qxd6 48. Nxd6 Nfe6 49. Nf7+ Nxf7 50. Bxe6 1-0

[Event "37th Zalakaros Festival 2018"]
[Site "Zalakaros"]
[Date "2018.05.27"]
[Round "3"]
[White "Papp, Gellert"]
[Black "Hardicsay, Peter"]
[Result "0-1"]
[ECO "B32"]
[WhiteElo "2325"]
[BlackElo "2211"]
[Annotator "NA"]
[PlyCount "96"]
[EventDate "2018.??.??"]
[EventType "swiss"]
[EventCountry "HUN"]
[SourceTitle "playchess.com"]
[Source "ChessBase"]
[SourceQuality "1"]
[TimeControl "40/5400+30:1800+30"]

1. e4 c5 2. Nf3 Nc6 3. d4 cxd4 4. Nxd4 e5 5. Nb5 d6 6. N1c3 a6 7. Na3 Be7 8. Nd5 Nf6 9. Be3 Nxd5 10. exd5 Nd4 11. Bd3 Nf5 12. Bd2 O-O 13. O-O Nh4 14. Nc4 Rb8 15. a4 f5 16. f4 Ng6 17. a5 Nxf4 18. Bxf4 exf4 19. Rxf4 Bg5 20. Rf1 g6 21. Qf3 Qf6 22. c3 Bd7 23. Nb6 Rbd8 24. Rae1 Qg7 25. Qg3 Be7 26. Nxd7 Rxd7 27. Re6 Rfd8 28. Bc2 Rc7 29. Rfe1 Bf8 30. h4 Rf7 31. Qg5 Rdd7 32. R1e3 Be7 33. Qf4 Rd8 34. h5 g5 35. Qb4 f4 36. Re1 g4 37. Qe4 Bf8 38. Kh1 Qg5 39. h6 Bxh6 40. Re8+ Rxe8 41. Qxe8+ Bf8 42. Qe6 Qh4+ 43. Kg1 f3 44. gxf3 Qg3+ 45. Kh1 Qxf3+ 46. Kg1 g3 47. Qe2 Qf2+ 48. Kh1 g2+ 0-1

[Event "37th Zalakaros Festival 2018"]
[Site "Zalakaros"]
[Date "2018.05.27"]
[Round "3"]
[White "Radovanovic, Jovica"]
[Black "Biro, Sandor"]
[Result "1/2-1/2"]
[ECO "D92"]
[WhiteElo "2311"]
[BlackElo "2191"]
[Annotator "NA"]
[PlyCount "41"]
[EventDate "2018.??.??"]
[EventType "swiss"]
[EventCountry "HUN"]
[SourceTitle "playchess.com"]
[Source "ChessBase"]
[SourceQuality "1"]
[TimeControl "40/5400+30:1800+30"]

1. Nf3 Nf6 2. d4 g6 3. c4 Bg7 4. Nc3 d5 5. Bf4 O-O 6. Rc1 Be6 7. Ng5 c5 8. dxc5 d4 9. Nb5 Nc6 10. Nc7 Nh5 11. Ncxe6 fxe6 12. Nxe6 Qc8 13. Nxf8 Nxf4 14. g3 Nh3 15. Nxg6 hxg6 16. Qc2 Ne5 17. Rd1 Qc6 18. f3 Ng5 19. Bg2 Qxc5 20. f4 d3 21. Rxd3 1/2-1/2

[Event "37th Zalakaros Festival 2018"]
[Site "Zalakaros"]
[Date "2018.05.27"]
[Round "3"]
[White "Ianov, Viktor"]
[Black "Kosztolanczi, Gyula"]
[Result "1/2-1/2"]
[ECO "A08"]
[WhiteElo "2285"]
[BlackElo "2130"]
[Annotator "NA"]
[PlyCount "136"]
[EventDate "2018.??.??"]
[EventType "swiss"]
[EventCountry "HUN"]
[SourceTitle "playchess.com"]
[Source "ChessBase"]
[SourceQuality "1"]
[TimeControl "40/5400+30:1800+30"]

1. Nf3 d5 2. g3 c5 3. Bg2 Nc6 4. d4 e6 5. O-O Nf6 6. c4 dxc4 7. Qa4 Bd7 8. Qxc4 Qb6 9. dxc5 Bxc5 10. Nc3 Qb4 11. Qxb4 Bxb4 12. Bd2 O-O 13. a3 Be7 14. Bf4 Rac8 15. Rfd1 Rfd8 16. Rd3 Be8 17. Rad1 Rxd3 18. Rxd3 Rd8 19. Rxd8 Bxd8 20. Ne5 Nxe5 21. Bxe5 Bc6 22. Bxc6 bxc6 23. Na4 Nd7 24. Bd4 a6 25. e4 e5 26. Bc5 f6 27. Kf1 Kf7 28. Ke2 Be7 29. Be3 Ke6 30. Kd3 f5 31. exf5+ Kxf5 32. f3 h5 33. h3 Nf6 34. g4+ Ke6 35. Nc3 g6 36. Bg5 hxg4 37. fxg4 Nh7 38. Bxe7 Kxe7 39. Ne4 Nf8 40. h4 a5 41. a4 Nd7 42. b3 Nb6 43. Nc5 Nd5 44. Nb7 Nf6 45. g5 Nd7 46. Nxa5 Kd6 47. Nc4+ Kd5 48. Ne3+ Kc5 49. Kc3 Kd6 50. b4 Nb8 51. Kc4 Na6 52. Ng4 e4 53. Ne3 Ke5 54. b5 cxb5+ 55. axb5 Nb8 56. b6 Kf4 57. b7 Kxe3 58. h5 Kf3 59. hxg6 e3 60. g7 e2 61. g8=Q e1=Q 62. Qf8+ Kg4 63. Qc8+ Kxg5 64. Qxb8 Qc1+ 65. Kd5 Qh1+ 66. Kc5 Qg1+ 67. Kc6 Qh1+ 68. Kd7 Qh7+ 1/2-1/2

[Event "37th Zalakaros Festival 2018"]
[Site "Zalakaros"]
[Date "2018.05.27"]
[Round "3"]
[White "Marosi, Levente"]
[Black "Takac, Zvonko"]
[Result "1-0"]
[ECO "C07"]
[WhiteElo "2277"]
[BlackElo "1977"]
[Annotator "NA"]
[PlyCount "83"]
[EventDate "2018.??.??"]
[EventType "swiss"]
[EventCountry "HUN"]
[SourceTitle "playchess.com"]
[Source "ChessBase"]
[SourceQuality "1"]
[TimeControl "40/5400+30:1800+30"]

1. e4 e6 2. d4 d5 3. Nd2 c5 4. Ngf3 cxd4 5. Nxd4 Nc6 6. Bb5 Bd7 7. Nxc6 bxc6 8. Bd3 Bd6 9. Qe2 Qc7 10. Nf3 dxe4 11. Bxe4 Nf6 12. O-O O-O 13. Rd1 Rad8 14. Bg5 Be7 15. c3 Bc8 16. g3 Nxe4 17. Qxe4 f6 18. Be3 e5 19. Qc4+ Kh8 20. b4 c5 21. Nd2 Bb7 22. b5 Bd5 23. Qe2 f5 24. Re1 Bf6 25. c4 Be6 26. Nb3 Be7 27. Bd2 e4 28. Ba5 Qe5 29. f4 Qf6 30. Bxd8 Rxd8 31. Rad1 Qc3 32. Rxd8+ Bxd8 33. Rc1 Qb4 34. Qd2 Qxd2 35. Nxd2 Kg8 36. Nb3 Be7 37. a4 Kf7 38. a5 Ke8 39. b6 axb6 40. axb6 Kd7 41. Na5 Bf6 42. b7 1-0

[Event "37th Zalakaros Festival 2018"]
[Site "Zalakaros"]
[Date "2018.05.27"]
[Round "3"]
[White "Peczely, Sebastian Zsombor"]
[Black "Tompa, Janos"]
[Result "1/2-1/2"]
[ECO "C71"]
[WhiteElo "2244"]
[BlackElo "2372"]
[Annotator "NA"]
[PlyCount "30"]
[EventDate "2018.??.??"]
[EventType "swiss"]
[EventCountry "HUN"]
[SourceTitle "playchess.com"]
[Source "ChessBase"]
[SourceQuality "1"]
[TimeControl "40/5400+30:1800+30"]

1. e4 e5 2. Nf3 Nc6 3. Bb5 a6 4. Ba4 d6 5. c4 Bd7 6. Bxc6 Bxc6 7. d3 Nf6 8. Nc3 g6 9. h3 Bg7 10. Be3 O-O 11. Qd2 b5 12. b3 Rb8 13. O-O Re8 14. a4 bxc4 15. bxc4 Qd7 1/2-1/2

[Event "37th Zalakaros Festival 2018"]
[Site "Zalakaros"]
[Date "2018.05.27"]
[Round "3"]
[White "Suta, Andraz"]
[Black "Zentai, Peter"]
[Result "1/2-1/2"]
[ECO "C02"]
[WhiteElo "2212"]
[BlackElo "2327"]
[Annotator "NA"]
[PlyCount "108"]
[EventDate "2018.??.??"]
[EventType "swiss"]
[EventCountry "HUN"]
[SourceTitle "playchess.com"]
[Source "ChessBase"]
[SourceQuality "1"]
[TimeControl "40/5400+30:1800+30"]

1. e4 e6 2. d4 d5 3. e5 c5 4. c3 Nc6 5. Nf3 Bd7 6. dxc5 Bxc5 7. Bd3 Qc7 8. Qe2 Nge7 9. O-O Ng6 10. Re1 O-O 11. h4 f6 12. b4 Bb6 13. a4 a5 14. bxa5 Rxa5 15. Bxg6 hxg6 16. Ba3 Bc5 17. exf6 gxf6 18. Bxc5 Rxc5 19. Na3 e5 20. Nb5 Qd8 21. Nd2 Qe7 22. c4 dxc4 23. Nxc4 Be6 24. Ne3 Nb4 25. Rab1 Nd5 26. Nxd5 Rxd5 27. Rbc1 Rfd8 28. Rc2 Bf5 29. Rc7 R5d7 30. Rec1 Rxc7 31. Rxc7 Rd7 32. Qc4+ Be6 33. Qc2 Kg7 34. Rxd7 Qxd7 35. Qc5 Bf7 36. Nd6 Bb3 37. a5 Ba4 38. Nc4 Bc6 39. Ne3 Qe6 40. Qb6 Qd7 41. a6 bxa6 42. Qxa6 Bb7 43. Qb6 Bc6 44. Qc5 Qe6 45. Qc4 Qxc4 46. Nxc4 Kh6 47. g4 Bd7 48. f3 e4 49. Kf2 exf3 50. Kxf3 g5 51. hxg5+ Kxg5 52. Ne3 f5 53. Nxf5 Bxf5 54. gxf5 Kxf5 1/2-1/2

[Event "37th Zalakaros Festival 2018"]
[Site "Zalakaros"]
[Date "2018.05.27"]
[Round "3"]
[White "Kincs, Imre"]
[Black "Ostovic, Matija"]
[Result "0-1"]
[ECO "B90"]
[WhiteElo "2210"]
[BlackElo "2352"]
[Annotator "NA"]
[PlyCount "70"]
[EventDate "2018.??.??"]
[EventType "swiss"]
[EventCountry "HUN"]
[SourceTitle "playchess.com"]
[Source "ChessBase"]
[SourceQuality "1"]
[TimeControl "40/5400+30:1800+30"]

1. e4 c5 2. Nf3 d6 3. d4 cxd4 4. Nxd4 Nf6 5. Nc3 a6 6. Be3 e5 7. Nb3 Be6 8. f3 Be7 9. Qd2 Nbd7 10. O-O-O h5 11. Be2 b5 12. Kb1 Rc8 13. a3 O-O 14. h3 Nb6 15. Bg5 Nfd5 16. Nxd5 Bxg5 17. f4 Bxd5 18. exd5 Bxf4 19. Qd3 Nc4 20. g3 Bh6 21. Bxh5 Qg5 22. Be2 Ne3 23. Rdg1 Rxc2 24. h4 Qe7 25. g4 e4 26. Qd4 Bf4 27. Bd1 Rc4 28. Qd2 Qe5 29. Na5 Rd4 30. Qf2 Nxd1 31. Rxd1 e3 32. Qf3 Rxd1+ 33. Rxd1 e2 34. Re1 Re8 35. Nc6 Qe4+ 0-1

[Event "37th Zalakaros Festival 2018"]
[Site "Zalakaros"]
[Date "2018.05.27"]
[Round "3"]
[White "Karacsonyi, Gellert"]
[Black "Li, Bo"]
[Result "0-1"]
[ECO "B32"]
[WhiteElo "2208"]
[BlackElo "2319"]
[Annotator "NA"]
[PlyCount "46"]
[EventDate "2018.??.??"]
[EventType "swiss"]
[EventCountry "HUN"]
[SourceTitle "playchess.com"]
[Source "ChessBase"]
[SourceQuality "1"]
[TimeControl "40/5400+30:1800+30"]

1. e4 c5 2. Nf3 Nc6 3. d4 cxd4 4. Nxd4 Qb6 5. Nb3 Nf6 6. Bd3 d6 7. O-O g6 8. Nc3 Bg7 9. Be3 Qd8 10. h3 O-O 11. f4 d5 12. e5 d4 13. exf6 Bxf6 14. Ne4 dxe3 15. Nxf6+ exf6 16. Qf3 Qb6 17. Rfe1 Re8 18. Re2 Nb4 19. Rae1 Bd7 20. Be4 Bb5 21. Rxe3 f5 22. Bd3 Bxd3 23. cxd3 Nc2 0-1

[Event "37th Zalakaros Festival 2018"]
[Site "Zalakaros"]
[Date "2018.05.28"]
[Round "4"]
[White "Tompa, Janos"]
[Black "Ianov, Viktor"]
[Result "1/2-1/2"]
[ECO "A41"]
[WhiteElo "2372"]
[BlackElo "2285"]
[Annotator "NA"]
[PlyCount "88"]
[EventDate "2018.??.??"]
[EventType "swiss"]
[EventCountry "HUN"]
[SourceTitle "playchess.com"]
[Source "ChessBase"]
[SourceQuality "1"]
[TimeControl "40/5400+30:1800+30"]

1. Nf3 d6 2. d4 Bg4 3. b3 g6 4. Bb2 Bg7 5. e3 c5 6. Be2 Nc6 7. O-O Nh6 8. Nbd2 O-O 9. h3 Bd7 10. Rb1 cxd4 11. exd4 d5 12. c3 Nf5 13. Bd3 Re8 14. Re1 Rc8 15. Ne5 Nd6 16. Nxd7 Qxd7 17. Nf3 e6 18. Ne5 Nxe5 19. dxe5 Nb5 20. c4 Nc7 21. Qf3 Red8 22. Rbd1 Qe7 23. cxd5 Nxd5 24. Be4 Qb4 25. Re2 Qa5 26. a3 Nf4 27. Rxd8+ Qxd8 28. Rc2 Rxc2 29. Bxc2 Qd2 30. Qd1 Qxd1+ 31. Bxd1 Nd3 32. Bd4 b6 33. Be2 Bxe5 34. Bxd3 Bxd4 35. g4 h6 36. Kg2 Kg7 37. f4 f5 38. Bb5 Kf6 39. Kf3 Bb2 40. a4 Bc1 41. Be8 g5 42. fxg5+ hxg5 43. gxf5 exf5 44. Bd7 Ke5 {[%emt 0:00:14] Ke4+} 1/2-1/2

[Event "37th Zalakaros Festival 2018"]
[Site "Zalakaros"]
[Date "2018.05.28"]
[Round "4"]
[White "Zentai, Peter"]
[Black "Szilagyi, Norbert"]
[Result "1-0"]
[ECO "E32"]
[WhiteElo "2327"]
[BlackElo "2084"]
[Annotator "NA"]
[PlyCount "63"]
[EventDate "2018.??.??"]
[EventType "swiss"]
[EventCountry "HUN"]
[SourceTitle "playchess.com"]
[Source "ChessBase"]
[SourceQuality "1"]
[TimeControl "40/5400+30:1800+30"]

1. d4 Nf6 2. c4 e6 3. Nc3 Bb4 4. Qc2 O-O 5. a3 Bxc3+ 6. Qxc3 b6 7. Bg5 Bb7 8. f3 d6 9. e4 h6 10. Bh4 e5 11. Nh3 Nbd7 12. Nf2 Re8 13. Bxf6 Qxf6 14. d5 Qg6 15. g3 h5 16. Bh3 Bc8 17. b4 Nf6 18. Bxc8 Raxc8 19. Qd3 Red8 20. Ke2 c6 21. dxc6 b5 22. cxb5 h4 23. g4 d5 24. exd5 Qh6 25. d6 a6 26. c7 Rd7 27. b6 Re8 28. b7 e4 29. fxe4 Nxe4 30. Nxe4 Rxd6 31. c8=Q Rde6 32. b8=Q 1-0

[Event "37th Zalakaros Festival 2018"]
[Site "Zalakaros"]
[Date "2018.05.28"]
[Round "4"]
[White "Polajzer, Danilo"]
[Black "Narendran Gouthaman"]
[Result "1-0"]
[ECO "E54"]
[WhiteElo "2273"]
[BlackElo "2068"]
[Annotator "NA"]
[PlyCount "151"]
[EventDate "2018.??.??"]
[EventType "swiss"]
[EventCountry "HUN"]
[SourceTitle "playchess.com"]
[Source "ChessBase"]
[SourceQuality "1"]
[TimeControl "40/5400+30:1800+30"]

1. Nf3 d5 2. d4 Nf6 3. c4 e6 4. Nc3 Bb4 5. e3 O-O 6. Bd3 c5 7. O-O dxc4 8. Bxc4 cxd4 9. exd4 b6 10. Qe2 Bb7 11. Rd1 Bxc3 12. bxc3 Qc7 13. Ne5 Nbd7 14. Nxd7 Qxd7 15. Rd3 Qc6 16. Rg3 Ne4 17. Rg4 Nf6 18. Bb5 Qxc3 19. Bb2 Qc7 20. Rc1 Qd6 21. Rxg7+ Kxg7 22. d5 Qxd5 23. Qg4+ Kh6 24. Bxf6 Qxg2+ 25. Qxg2 Bxg2 26. Kxg2 Rac8 27. Rd1 Rc5 28. a4 Rg8+ 29. Kf1 Rd5 30. Rc1 Rc5 31. Rxc5 bxc5 32. Ke2 Rg4 33. Be7 a6 34. Be8 Kg7 35. Bxc5 Rc4 36. Bd6 Rc2+ 37. Ke3 Rc8 38. Bb5 axb5 39. axb5 Rc3+ 40. Kd4 Rb3 41. Kc4 Rb1 42. Bb4 Rc1+ 43. Bc3+ Kg6 44. b6 Rb1 45. Bb4 Rc1+ 46. Kb5 Rc8 47. Bd6 Kf5 48. b7 Rd8 49. Bc7 Rg8 50. Kc6 f6 51. b8=Q Rxb8 52. Bxb8 Ke4 53. Kd6 e5 54. Ke6 f5 55. Bxe5 f4 56. h4 h5 57. Kf6 Kf3 58. Kg5 Kxf2 59. Bxf4 Kf3 60. Bc7 Ke4 61. Bb8 Kd5 62. Kxh5 Ke6 63. Kg6 Kd7 64. h5 Kc8 65. Bd6 Kd7 66. Ba3 Kc6 67. h6 Kd5 68. h7 Ke4 69. h8=Q Kd3 70. Qh4 Kc3 71. Kf5 Kc2 72. Qg3 Kd2 73. Ke4 Kd1 74. Qh2 Ke1 75. Ke3 Kf1 76. Qf2# 1-0

[Event "37th Zalakaros Festival 2018"]
[Site "Zalakaros"]
[Date "2018.05.28"]
[Round "4"]
[White "Saber, Yasser"]
[Black "Pasti, Aron"]
[Result "0-1"]
[ECO "D37"]
[WhiteElo "2266"]
[BlackElo "2064"]
[Annotator "NA"]
[PlyCount "134"]
[EventDate "2018.??.??"]
[EventType "swiss"]
[EventCountry "HUN"]
[SourceTitle "playchess.com"]
[Source "ChessBase"]
[SourceQuality "1"]
[TimeControl "40/5400+30:1800+30"]

1. d4 d5 2. Nf3 Nf6 3. c4 e6 4. Nc3 Be7 5. Bf4 O-O 6. e3 Nbd7 7. Qc2 c6 8. Be2 dxc4 9. Bxc4 b5 10. Bd3 a6 11. O-O c5 12. Ne5 Bb7 13. Nxd7 Qxd7 14. dxc5 Bxc5 15. Ne4 Nxe4 16. Bxe4 Bxe4 17. Qxe4 Rfd8 18. Rac1 Rac8 19. h3 f5 20. Qf3 Bd6 21. Rxc8 Qxc8 22. Bg5 Rd7 23. e4 Qc6 24. Rc1 Qxe4 25. Rc8+ Bf8 26. Qxe4 fxe4 27. Kf1 h6 28. Be3 Kf7 29. Ke2 Bb4 30. Rc6 Rd6 31. Rc7+ Kg6 32. Bf4 Rd5 33. a3 Bd6 34. Bxd6 Rxd6 35. Rc3 Kf5 36. h4 g5 37. hxg5 hxg5 38. Rc8 Rd3 39. Rf8+ Ke5 40. Rg8 Rb3 41. Rxg5+ Kf4 42. Rg6 Rxb2+ 43. Kf1 Rb3 44. a4 Kf5 45. Rh6 bxa4 46. Rh5+ Kf4 47. Ra5 a3 48. Kg1 e3 49. Ra4+ Kf5 50. fxe3 Rxe3 51. Kf2 Rb3 52. Rxa6 e5 53. Ra4 Rc3 54. Ke2 Rg3 55. Kf2 Rb3 56. Ke2 Rb2+ 57. Kf3 Rb3+ 58. Ke2 Rb2+ 59. Kf3 e4+ 60. Ke3 Rb3+ 61. Kf2 Kf4 62. Ra8 e3+ 63. Ke2 Rb2+ 64. Ke1 a2 65. Rf8+ Ke5 66. Re8+ Kf6 67. Rxe3 a1=R# 0-1

[Event "37th Zalakaros Festival 2018"]
[Site "Zalakaros"]
[Date "2018.05.28"]
[Round "4"]
[White "Geher, Koppany"]
[Black "Hadzi - Manev, Ljubomir"]
[Result "1/2-1/2"]
[ECO "B06"]
[WhiteElo "2257"]
[BlackElo "2049"]
[Annotator "NA"]
[PlyCount "93"]
[EventDate "2018.??.??"]
[EventType "swiss"]
[EventCountry "HUN"]
[SourceTitle "playchess.com"]
[Source "ChessBase"]
[SourceQuality "1"]
[TimeControl "40/5400+30:1800+30"]

1. e4 g6 2. d4 Bg7 3. Nc3 a6 4. f4 d5 5. Nxd5 e6 6. Nc3 Qxd4 7. Bd3 Nd7 8. Nf3 Qb4 9. O-O Ngf6 10. a3 Qc5+ 11. Kh1 O-O 12. Qe1 Qe7 13. Qh4 Nc5 14. Be3 Nxd3 15. cxd3 b6 16. f5 gxf5 17. Bg5 h6 18. Bxh6 Bxh6 19. Qxh6 Ng4 20. Qh5 Rd8 21. exf5 exf5 22. Rae1 Qf6 23. Nd5 Qh6 24. Qxh6 Nxh6 25. Nxc7 Ra7 26. Re8+ Rxe8 27. Nxe8 Kf8 28. Nd6 Be6 29. Nc4 b5 30. Ne3 Rd7 31. d4 Ng4 32. Nd1 Bd5 33. Nc3 Bxf3 34. gxf3 Ne3 35. Re1 Nc2 36. Re5 Rxd4 37. Rxf5 Rd2 38. Rd5 Nd4 39. b4 Nxf3 40. Rxd2 Nxd2 41. a4 bxa4 42. Nxa4 Nc4 43. Nc5 a5 44. b5 Nb6 45. Kg2 a4 46. Kf3 a3 47. Nb3 1/2-1/2

[Event "37th Zalakaros Festival 2018"]
[Site "Zalakaros"]
[Date "2018.05.28"]
[Round "4"]
[White "Hardicsay, Peter"]
[Black "Srinath, Rao S V"]
[Result "1/2-1/2"]
[ECO "C11"]
[WhiteElo "2211"]
[BlackElo "2363"]
[Annotator "NA"]
[PlyCount "88"]
[EventDate "2018.??.??"]
[EventType "swiss"]
[EventCountry "HUN"]
[SourceTitle "playchess.com"]
[Source "ChessBase"]
[SourceQuality "1"]
[TimeControl "40/5400+30:1800+30"]

1. e4 e6 2. Nf3 d5 3. Nc3 Nf6 4. e5 Nfd7 5. d4 c5 6. dxc5 Nc6 7. Bf4 Nxc5 8. Bd3 Be7 9. h4 h6 10. a3 a6 11. h5 b5 12. Rh3 b4 13. Ne2 Na4 14. Qc1 Bd7 15. Rg3 Kf8 16. Kf1 Qb6 17. Be3 Qc7 18. Bf4 bxa3 19. bxa3 Na5 20. Nfd4 Nc4 21. Nf5 exf5 22. e6 Qc8 23. exd7 Qxd7 24. Nd4 Bf6 25. Bxf5 Qa7 26. Nb3 Re8 27. Bd3 Qe7 28. Be3 Bxa1 29. Qxa1 Nxe3+ 30. Rxe3 Qf6 31. Rxe8+ Kxe8 32. Qe1+ Kd8 33. Qa5+ Nb6 34. Qxa6 Re8 35. Qa7 Re6 36. Qb8+ Nc8 37. Qb5 Qe5 38. Kg1 Qxh5 39. Nc5 Rd6 40. Nb7+ Ke7 41. Qc5 Qd1+ 42. Kh2 Qh5+ 43. Kg1 Qd1+ 44. Kh2 Qh5+ 1/2-1/2

[Event "37th Zalakaros Festival 2018"]
[Site "Zalakaros"]
[Date "2018.05.28"]
[Round "4"]
[White "Biro, Sandor"]
[Black "Fancsy, Imre"]
[Result "1/2-1/2"]
[ECO "B40"]
[WhiteElo "2191"]
[BlackElo "2388"]
[Annotator "ChessBase"]
[PlyCount "116"]
[EventDate "2018.??.??"]
[EventType "swiss"]
[EventCountry "HUN"]
[SourceTitle "playchess.com"]
[Source "ChessBase"]
[SourceQuality "1"]
[TimeControl "40/5400+30:1800+30"]

1. e4 c5 2. Nf3 e6 3. c3 Nf6 4. e5 Nd5 5. d4 cxd4 6. cxd4 d6 7. a3 Bd7 8. Bd3 Bc6 9. O-O Nd7 10. Qe2 Rc8 11. Re1 Be7 12. Bd2 dxe5 13. dxe5 Nc5 14. Bc2 Qb6 15. Nc3 Qxb2 16. Nxd5 Bxd5 17. Be3 Bxf3 18. gxf3 Qxe5 19. f4 Qc7 20. Rac1 O-O 21. f5 exf5 22. Bxf5 Rcd8 23. Qg4 g6 24. Bh6 Rfe8 25. h4 Rd5 26. Be6 Re5 27. Bc4 Bf6 28. Rxe5 Qxe5 29. Rd1 Qe4 30. Qxe4 Rxe4 31. Bd5 Rxh4 32. Be3 b6 33. f4 Rh3 34. Kf2 Bh4+ 35. Ke2 Rh2+ 36. Kf3 Rh3+ 37. Ke2 Rh2+ 38. Kf3 Rc2 39. Bd4 Ne6 40. Be5 Be7 41. Bxe6 fxe6 42. Rd7 Bxa3 43. Rxa7 Bf8 44. Rb7 Rc6 45. Kg4 Bd6 46. Kg5 Bxe5 47. fxe5 Rc1 48. Kf6 Rf1+ 49. Kxe6 h5 50. Rxb6 Kg7 51. Rb7+ Kh6 52. Rf7 Re1 53. Kf6 h4 54. e6 h3 55. e7 Rf1+ 56. Ke6 Re1+ 57. Kf6 Rf1+ 58. Ke6 Re1+ 1/2-1/2

[Event "37th Zalakaros Festival 2018"]
[Site "Zalakaros"]
[Date "2018.05.28"]
[Round "4"]
[White "Horak, Jiri"]
[Black "Szeberenyi, Adam"]
[Result "1/2-1/2"]
[ECO "D30"]
[WhiteElo "2131"]
[BlackElo "2372"]
[Annotator "NA"]
[PlyCount "67"]
[EventDate "2018.??.??"]
[EventType "swiss"]
[EventCountry "HUN"]
[SourceTitle "playchess.com"]
[Source "ChessBase"]
[SourceQuality "1"]
[TimeControl "40/5400+30:1800+30"]

1. d4 d5 2. c4 e6 3. Nf3 Nf6 4. Bg5 Bb4+ 5. Nc3 Nbd7 6. Rc1 O-O 7. e3 c5 8. cxd5 exd5 9. Bd3 Qa5 10. O-O c4 11. Bb1 Bxc3 12. bxc3 Re8 13. Bxf6 Nxf6 14. Ne5 Ne4 15. Bxe4 dxe4 16. Nxc4 Qxa2 17. Nd6 Re7 18. Ra1 Qe6 19. Nxc8 Qxc8 20. Qb3 Rc7 21. Rfc1 b5 22. Qxb5 Rxc3 23. Rxc3 Qxc3 24. Rb1 Rc8 25. h3 g6 26. Qd5 a5 27. g3 Qc2 28. Ra1 a4 29. Qb7 h5 30. Kg2 Rc4 31. Qb8+ Rc8 32. Qb7 Rc4 33. Qb8+ Rc8 34. Qb7 1/2-1/2